 Dungeon Crawl Stone Soup version 0.29.1-12-g30fa7ad0bf (webtiles) character file.

Game seed: 4755462399057454881

128 Sanktem7 the Trooper (level 4, -2/42 HPs)
             Began as a Minotaur Fighter on Jan 4, 2023.
             Slain by a lemure (7 damage)
             ... led by Pikel
             ... on level 4 of the Dungeon.
             The game lasted 00:06:14 (3090 turns).

Sanktem7 the Trooper (Minotaur Fighter)             Turns: 3090, Time: 00:06:14

Health: -2/42      AC: 18    Str: 22    XL:     4   Next: 86%
Magic:  3/3        EV:  3    Int:  5    God:
Gold:   234        SH:  4    Dex: 10    Spells: 3/3 levels left

rFire   . . .      SeeInvis .   a - +0 flail {mace}
rCold   . . .      Faith    .   c - +0 buckler
rNeg    . . .      Spirit   .   k - +0 crystal plate armour {rare=g}
rPois   .          Reflect  .   (helmet restricted)
rElec   .          Harm     .   (no cloak)
rCorr   .          Rampage  .   b - +0 pair of gloves
Will    .....                   (no boots)
Stlth   ..........              (no amulet)
HPRegen 0.14/turn               (no ring)
MPRegen 0.08/turn               (no ring)

@: no status effects
A: horns 2, retaliatory headbutt
a: no special abilities


You were on level 4 of the Dungeon.
You visited 1 branch of the dungeon, and saw 4 of its levels.

You collected 234 gold pieces.


Innate Abilities, Weirdness & Mutations

You have a pair of horns on your head.
You reflexively headbutt those who attack you in melee.


   Skills:
 * Level 5.1 Fighting
 * Level 4.3 Maces & Flails
 + Level 4.4 Armour
 - Level 3.6 Shields


You had 3 spell levels left.
You didn't know any spells.
Your spell library contained the following spells:

 Spells                   Type           Power      Damage    Failure   Level
 Shock                    Conj/Air       0%         1d3       100%        1
 Poisonous Vapours        Pois/Air       0%         N/A       100%        2
 Swiftness                Air            0%         N/A       100%        3
 Tukima's Dance           Hex            0%         N/A       100%        3
 Airstrike                Air            0%         2d(0-16)  100%        4
 Corpse Rot               Necr/Pois/Air  0%         N/A       100%        4
 Passage of Golubria      Tloc           0%         N/A       100%        4
 Yara's Violent Unravell  Hex/Tmut       0%         3d3       100%        5

Inventory:

Hand Weapons
 a - a +0 flail (weapon) {mace}
Missiles
 f - 35 stones (quivered) {throwing}
 v - 4 javelins {throwing}
Armour
 b - a +0 pair of gloves (worn)
   (You found it on level 2 of the Dungeon)
 c - a +0 buckler (worn)
 k - a +0 crystal plate armour (worn) {rare=g}
   (You found it on level 1 of the Dungeon)
Scrolls
 g - a scroll of blinking {unknown}
 h - a scroll of immolation {unknown}
 i - a scroll of fog {unknown}
 l - 2 scrolls of amnesia {unknown}
 n - a scroll of vulnerability {unknown}
 p - a scroll of magic mapping {unknown}
 q - a scroll of fear {unknown}
 s - a scroll of teleportation {unknown}
 t - a scroll of summoning {unknown}
 w - a scroll of enchant weapon {unknown}
Potions
 d - 2 potions of might
 e - 4 potions of attraction {unknown}
 j - a potion of degeneration {unknown}
 m - 2 potions of lignification {unknown}
 o - 2 potions of brilliance {unknown}
 r - a potion of curing {unknown}
 u - a potion of heal wounds {unknown}

Dungeon Overview and Level Annotations

Branches:
Dungeon (4/15) Zot: 20860
 Temple: D:4-7

Altars:
Cheibriados
Elyvilon

Annotations:
D:4 Pikel

.....PPPPP...#
...PP.PP.PP..#
.............##
..............#
..............##
....P...PP.....###
..PPP...P.P..#)..#######
........†....#.5........
......⌠..P...#.5@.......
...†)........#.5K5......
...P.....P...#..........
P...P...PPP..#..♣♣...♣.♣
.............#..P $...P.
.~~~~~~~~~~..#..P ...♣.~
.~⌠~~~~~~8~..#..P +#. .
.~~~~~~~~~~..#.( #P
.............#


You could see Pikel and 4 lemures.


Message History

You closely miss the hound.
The hound bites you but does no damage. x2
You closely miss the hound.
The hound bites you but does no damage. x2
You sock the hound!
You kill the hound!
Your Fighting skill increases to level 5!
Your Maces & Flails skill increases to level 4! 😕 HP[+1]
You now have 42 max hp (+1).
No target in view!
No target in view!
No target in view!
No target in view!
e - 4 ruby potions (gained 1)
An adder comes into view. 😎 HP[+6]
Your hp is fully restored (42).
An adder is nearby!
An adder is nearby!
The adder barely misses you.
You sock the adder!
You kill the adder!
No target in view!
No target in view!
No target in view!
No target in view!
No target in view!
No target in view!
No target in view!
No target in view!
No target in view!
No target in view!
No target in view!
No target in view!
No target in view!
No target in view!
No target in view!
No target in view!
No target in view!
No target in view!
w - a scroll labelled HONIAST OGEL A lemure comes into view.
A lemure is nearby!
The lemure shouts!
You hear a shout! x2
You see here a +0 whip {mace}.
Pikel, Merchant of Souls comes into view.
He is wielding a +2 whip of flaming.
Pikel shouts!
A lemure comes into view. 2 lemures come into view.
The lemure shouts! x2
You hit the lemure. The lemure hits you but does no damage.
You hit the lemure. You headbutt the lemure. The lemure hits you. 😕 HP[-2]
You take 2 damage, and now have 40/42 hp.
You miss the lemure. You block the lemure's attack.
You closely miss the lemure. Pikel hits you but does no damage.
You closely miss the lemure. The lemure hits you but does no damage.
The lemure completely misses you. Pikel hits you but does no damage.
You barely miss the lemure. The lemure hits you.
The lemure hits you but does no damage.
Pikel hits you with a +2 whip of flaming.
Pikel burns you. 😮 HP[-13]
You take 13 damage, and now have 27/42 hp.
MASSIVE DAMAGE!! (PAUSE)
You hit Pikel but do no damage.
The lemure hits you but does no damage. x2
Pikel hits you with a +2 whip of flaming.
Pikel burns you.
* * * LOW HITPOINT WARNING * * *
The lemure completely misses you.
The lemure hits you but does no damage. 😨 HP[-7]
You take 7 damage, and now have 20/42 hp.
You miss Pikel. Your headbutt misses Pikel. The lemure hits you.
* * * LOW HITPOINT WARNING * * *
The lemure hits you but does no damage. You block the lemure's attack.
Pikel completely misses you.
The lemure hits you but does no damage. x5
You block Pikel's attack. 😨 HP[-2]
You take 2 damage, and now have 18/42 hp.
You hit Pikel. The lemure hits you but does no damage.
You block the lemure's attack. The lemure hits you but does no damage.
Pikel hits you but does no damage. The lemure hits you but does no damage.
You barely miss Pikel. Your headbutt misses Pikel.
The lemure hits you but does no damage. x4; Pikel hits you but does no damage.
You closely miss Pikel. The lemure hits you.
* * * LOW HITPOINT WARNING * * *
The lemure hits you but does no damage. Pikel hits you but does no damage.
The lemure hits you but does no damage. You block the lemure's attack.
The lemure hits you.
* * * LOW HITPOINT WARNING * * *
The lemure hits you.
* * * LOW HITPOINT WARNING * * *
The lemure hits you but does no damage. Pikel barely misses you.
You furiously retaliate!
You headbutt Pikel.
You block the lemure's attack. 😱 HP[-11]
You take 11 damage, and now have 7/42 hp.
MASSIVE DAMAGE!! (PAUSE)
You barely miss Pikel. The lemure hits you.
* * * LOW HITPOINT WARNING * * *
The lemure hits you!
You die...

Skill      XL: |  1  2  3  4 |
---------------+-------------+-----
Fighting       | 4 5 |  5.1
Maces & Flails | 3 4 |  4.3
Armour         | 4 |  4.4
Shields        | |  3.6

Action                   |  1- 3 |  4- 6 || total
-------------------------+-------+-------++-------
Melee: Flail             |   125 |    51 ||   176
       Headbutt          |    10 |     4 ||    14
Armor: Scale mail        |    32 |       ||    32
       Crystal plate arm |    69 |    56 ||   125
Dodge: Dodged            |    39 |    14 ||    53
Block: Buckler           |    33 |    13 ||    46

Levels and vault maps discovered:
D:1:      minmay_arrival_doors, layout_basic, reono_crystal_passage
D:2:      cheibrodos_greedy_goblins, layout_loops_cross,
          chequers_ecumenical_altar_grove, kennysheep_small_spiral
D:3:      layout_basic, mainiacjoe_overflow_24_doors,
          mainiacjoe_overflow_boulevard
D:4:      layout_cave_pods, marbit_many_paths, serial_park,
          serial_park_tiny_pond, serial_park_gazebo
          [serial_park_minivault_5x5_2], serial_park_tiny_2, serial_park_paths
          [serial_park_minivault_5x5_7], uniq_pikel

Notes
Turn   | Place    | Note
-------+----------+-------------------------------------------
     0 | D:1      | Sanktem7 the Minotaur Fighter began the quest for the Orb.
     0 | D:1      | Reached XP level 1. HP: 19/19 MP: 0/0
     0 | D:1      | magus.rc [v1.9.6]
   499 | D:1      | Reached XP level 2. HP: 24/27 MP: 1/1
   616 | D:1      | Reached skill level 4 in Fighting
   675 | D:1      | Reached skill level 3 in Maces & Flails
   700 | D:1      | You pick up a book of Air and begin reading...
   700 | D:1      | You add the spells Shock, Swiftness and Airstrike to your
                  | library.
  1057 | D:1      | Identified a +0 crystal plate armour
  1058 | D:1      | k - a +0 crystal plate armour {rare=g}
  1069 | D:1      | You finish putting on your +0 crystal plate armour
                  | {rare=g}.
  1407 | D:2      | Reached skill level 4 in Armour
  1433 | D:2      | Reached XP level 3. HP: 32/33 MP: 2/2
  1722 | D:2      | You add the spells Tukima's Dance, Passage of Golubria and
                  | Yara's Violent Unravelling to your library.
  1787 | D:2      | Found a faded altar of an unknown god.
  2210 | D:3      | magus.rc [v1.9.6]
  2257 | D:3      | You pick up a book of Vapours and begin reading...
  2257 | D:3      | You add the spells Poisonous Vapours and Corpse Rot to your
                  | library.
  2270 | D:3      | Reached XP level 4. HP: 41/41 MP: 3/3
  2477 | D:3      | Found a white marble altar of Elyvilon.
  2593 | D:3      | Identified the +6 spear "Tilluanoduxt" {flame, SInv}
  2753 | D:3      | Found a snail-covered altar of Cheibriados.
  3006 | D:4      | Reached skill level 5 in Fighting
  3006 | D:4      | Reached skill level 4 in Maces & Flails
  3075 | D:4      | Noticed a lemure
  3077 | D:4      | Noticed Pikel
  3077 | D:4      | Noticed a lemure
  3078 | D:4      | Noticed a lemure
  3078 | D:4      | Noticed a lemure
  3089 | D:4      | HP: 7/42 [lemure[Pikel] (4)]
  3090 | D:4      | Slain by a lemure

Vanquished Creatures
  A hound (D:4)
  An adder (D:4)
  A dart slug (D:2)
  3 orcs (D:3)
  5 ball pythons
  9 bats
  8 endoplasms
  6 giant cockroaches
  13 goblins
  10 hobgoblins
  2 jackals (D:2)
  2 quokkas
  2 frilled lizards
  7 kobolds
  4 rats
74 creatures vanquished.

Table legend:
 A = Non-vault XP
 B = Vault XP
 C = Vault XP percentage of total XP
 D = Non-vault monster count
 E = Vault monster count
 F = Vault count percentage of total count
                 A         B        C        D         E       F
            +---------+---------+-------+---------+---------+-------
      Total |     163 |      20 |  10.9 |      63 |      11 |  14.9
            +---------+---------+-------+---------+---------+-------
        D:1 |      37 |       0 |   0.0 |      23 |       0 |   0.0
        D:2 |      34 |      20 |  37.0 |      18 |      11 |  37.9
        D:3 |      28 |       0 |   0.0 |      15 |       0 |   0.0
        D:4 |      64 |       0 |   0.0 |       7 |       0 |   0.0
            +---------+---------+-------+---------+---------+-------

Illustrated notes

Table legend:
 A = Kills in this place as a percentage of kills in entire the game.
 B = Kills by you in this place as a percentage of kills by you in the entire game.
 C = Kills by friends in this place as a percentage of kills by friends in the entire game.
 D = Other kills in this place as a percentage of other kills in the entire game.
 E = Experience gained in this place as a percentage of experience gained in the entire game.
 F = Experience gained in this place divided by the number of levels of this place that you have seen.
                   A       B       C       D       E      F
               +-------+-------+-------+-------+-------+----------------------
         Total | 100.0 | 100.0 |   N/A |   N/A | 100.0 |  45.8
       Dungeon | 100.0 | 100.0 |   N/A |   N/A | 100.0 |  45.8
               +-------+-------+-------+-------+-------+----------------------

Table legend: (Time is in decaauts)
 A = Elapsed time spent in this place.
 B = Non-inter-level travel time spent in this place.
 C = Inter-level travel time spent in this place.
 D = Time resting spent in this place.
 E = Time spent auto-exploring this place.
 F = Levels seen in this place.
 G = Mean time per level.
                   A        B        C        D        E       F      G
               +--------+--------+--------+--------+--------+-----+--------+
         Total |   3138 |   3064 |     74 |      0 |   2572 |   4 |  784.5 |
       Dungeon |   3138 |   3064 |     74 |      0 |   2572 |   4 |  784.5 |
               +--------+--------+--------+--------+--------+-----+--------+

Top non-repeatable levels by time:
     D:1: 1411 daAuts
     D:2: 831 daAuts
     D:3: 704 daAuts
     D:4: 190 daAuts
